 Dungeon Crawl Stone Soup version 0.28.0-53-g5a82cb258f (webtiles) character file.

Game seed: 9225164492348613496

29 Zeld the Chopper (level 3, 23/33 HPs)
             Began as a Minotaur Berserker on May 22, 2022.
             Was a Believer of Trog.
             Quit the game on level 1 of the Dungeon.
             The game lasted 00:00:35 (624 turns).

Zeld the Chopper (Minotaur Berserker)                Turns: 624, Time: 00:00:35

Health: 23/33      AC:  2    Str: 21    XL:     3   Next: 1%
Magic:  2/2        EV: 12    Int:  6    God:    Trog [**....]
Gold:   0          SH:  0    Dex:  9    Spells: 2/2 levels left

rFire   . . .      SeeInvis .   a - +0 hand axe
rCold   . . .      Faith    .   (no shield)
rNeg    . . .      Spirit   .   b - +0 animal skin
rPois   .          Reflect  .   (helmet restricted)
rElec   .          Harm     .   (no cloak)
rCorr   .          Rampage  .   (no gloves)
Will    .....                   (no boots)
Stlth   +.........              (no amulet)
HPRegen 0.11/turn               (no ring)
MPRegen 0.08/turn               (no ring)

@: no status effects
A: horns 2, retaliatory headbutt
a: Renounce Religion, Berserk, Trog's Hand


You were on level 1 of the Dungeon.
You worshipped Trog.
Trog was pleased with you.
You visited 1 branch of the dungeon, and saw 1 of its levels.

Inventory:

Hand Weapons
 a - a +0 hand axe (weapon)
Armour
 b - a +0 animal skin (worn)
Scrolls
 c - a scroll of teleportation {unknown}
 d - 2 scrolls of noise {unknown}
Potions
 e - a potion of haste {unknown}
 f - a potion of heal wounds {unknown}


   Skills:
 * Level 4.1 Fighting
 * Level 4.1 Axes
 + Level 2.8 Armour
 + Level 2.6 Dodging


You had 2 spell levels left.
You didn't know any spells.
Your spell library was empty.

Dungeon Overview and Level Annotations

Branches:
Dungeon (1/15)

Altars:


Innate Abilities, Weirdness & Mutations

You have a pair of horns on your head.
You reflexively headbutt those who attack you in melee.


Message History

You see here a dart slug corpse.
You open the door.
A jackal comes into view.
The jackal barks!
A jackal is nearby!
A jackal is nearby!
A jackal is nearby!
The jackal bites you. x2
A jackal is nearby!
You hit the jackal.
The jackal is almost dead.
The jackal barely misses you.
A jackal is nearby!
You closely miss the jackal.
The jackal is almost dead.
The jackal closely misses you.
A jackal is nearby!
You barely miss the jackal.
The jackal is almost dead.
The jackal bites you. x2
A jackal is nearby!
You closely miss the jackal.
The jackal is almost dead.
The jackal bites you but does no damage.
The jackal bites you.
You barely miss the jackal.
The jackal is almost dead.
The jackal barely misses you.
A jackal is nearby!
You barely miss the jackal. Your headbutt misses the jackal.
The jackal is almost dead.
The jackal closely misses you. You furiously retaliate!
You headbutt the jackal.
You kill the jackal!
Trog accepts your kill.
You have reached level 3!
Your experience leads to an increase in your attributes!
Increase (S)trength, (I)ntelligence, or (D)exterity?
You feel clever. x2
Are you sure you want to abandon this character and quit the game? (Confirm with "yes".)

#......########........#
#......#......'........#
#......#.######........#
#..........# ########.#
##.....##.## #..
#.....#..# #..
#.....#..# #..
########.#.####### #..
#>.......@........ ...
#.######.#.#######. ###.
#.................. ..
#.#####............ ##
#.# #.....#######
##'#####.....#
#............#### #♣
#...............# #.
#......†#)......# #.


There were no monsters in sight!

Vanquished Creatures
  A dart slug (D:1)
  2 bats (D:1)
  An endoplasm (D:1)
  2 giant cockroaches (D:1)
  3 goblins (D:1)
  4 hobgoblins (D:1)
  2 jackals (D:1)
  2 quokkas (D:1)
  4 ball pythons (D:1)
  A frilled lizard (D:1)
  2 rats (D:1)
24 creatures vanquished.

Notes
Turn   | Place    | Note
-------+----------+-------------------------------------------
     0 | D:1      | Zeld the Minotaur Berserker began the quest for the Orb.
     0 | D:1      | Reached XP level 1. HP: 19/19 MP: 0/0
   184 | D:1      | Reached XP level 2. HP: 21/27 MP: 1/1
   572 | D:1      | Reached ** piety under Trog
   624 | D:1      | Reached XP level 3. HP: 23/33 MP: 2/2
   624 | D:1      | Quit the game

Illustrated notes

Levels and vault maps discovered:
D:1:      giann_forest_graveyard, layout_basic, minmay_misc_feat_roman,
          due_unseen_surprise

Skill      XL: |  1  2 |
---------------+-------+-----
Axes           | 4 |  4.1
Fighting       | 4 |  4.1
Armour         | |  2.8
Dodging        | |  2.6

Action                   || total
-------------------------++-------
Melee: Hand axe          ||    46
       Headbutt          ||     4
Armor: Animal skin       ||    10
Dodge: Dodged            ||    41
